 Dungeon Crawl Stone Soup version 0.26-a0-708-g17f3b190f9 (webtiles) character file.

Game seed: 16264382579331496021

166 robertstho the Skirmisher (level 5, -1/42 HPs)
             Began as a Demonspawn Abyssal Knight on Oct 28, 2020.
             Was a Believer of Lugonu.
             Succumbed to orc's curare-tipped dart
             ... on level 4 of the Dungeon.
             The game lasted 00:04:27 (3607 turns).

robertstho the Skirmisher (DsAK)                    Turns: 3607, Time: 00:04:27

Health: -1/42      AC:  8    Str: 13    XL:     5   Next: 22%
Magic:  4/7        EV:  9    Int: 14    God:    Lugonu [**....]
Gold:   140        SH:  0    Dex: 14    Spells: 4/4 levels left

rFire    . . .     SeeInvis .   n - +5 rapier
rCold    . . .     Faith    .   (no shield)
rNeg     . . .     Spirit   +   c - +0 scale mail
rPois    .         Reflect  .   (no helmet)
rElec    .         Harm     .   g - +1 cloak
rCorr    .         Rampage  .   (no gloves)
MR       .....                  (no boots)
Stlth    +.........             (no amulet)
HPRegen  0.14/turn              (no ring)
MPRegen  0.10/turn              (no ring)

@: lethally poisoned (-1 -> -21), berserk cooldown, slowed, very slow
A: talons 1, thin skeletal structure 1, magic shield
a: Depart the Abyss, Bend Space, Renounce Religion


You were on level 4 of the Dungeon.
You worshipped Lugonu.
Lugonu was pleased with you.
You visited 1 branch of the dungeon, and saw 4 of its levels.
You visited the Abyss 1 time.

You collected 140 gold pieces.

Inventory:

Hand Weapons
 a - a +1 falchion
 k - a +4 quarterstaff of chaos
 n - a +5 rapier (weapon)
Armour
 c - a +0 scale mail (worn)
 g - a +1 cloak (worn)
 i - a +0 cloak
Scrolls
 f - a scroll of immolation {unknown}
Potions
 b - a potion of flight {unknown}
 d - a potion of haste
 e - a potion of berserk rage
 h - a potion of stabbing {unknown}
 j - 2 potions of brilliance {unknown}
 l - a potion of heal wounds {unknown}
 m - a potion of degeneration {unknown}


   Skills:
 * Level 4.2 Fighting
 + Level 1.4(2.3) Short Blades
 + Level 2.6(2.9) Long Blades
 + Level 2.2 Armour
 + Level 1.3 Dodging
 + Level 0.4 Stealth
 * Level 3.5 Invocations


You had 4 spell levels left.
You didn't know any spells.
Your spell library contained the following spells:

 Spells                   Type           Power        Failure   Level
 Confusing Touch          Hex            #.......     99%         3
 Gell's Gravitas          Tloc           #.........   99%         3
 Petrify                  Tmut/Erth      #.......     100%        4
 Metabolic Englaciation   Hex/Ice        #.........   100%        5
 Yara's Violent Unravell  Hex/Tmut       #.........   100%        5


Dungeon Overview and Level Annotations

Branches:
Dungeon (4/15)
 Temple: D:4-7

Altars:
Ru
Sif Muna
Trog
Xom
The Shining One


Innate Abilities, Weirdness & Mutations

You have sharp toenails.
You have a somewhat thin skeletal structure. (Dex +2, Stealth)
When hurt, damage is shared between your health and your magic reserves.


Message History

* * * LOW HITPOINT WARNING * * *
You feel very sick. The orc hits you but does no damage.
You puncture the orc!
You kill the orc!
Lugonu accepts your kill.
* * * LOW HITPOINT WARNING * * *
You feel sick.
* * * LOW HITPOINT WARNING * * *
You feel sick.
You feel a strong urge to attack something.
* * * LOW HITPOINT WARNING * * *
You feel sick.
* * * LOW HITPOINT WARNING * * *
You feel sick.
You see here a curare-tipped dart.
You feel your anger nearly subside.
You are no longer berserk.
You are exhausted.
You feel as though you will be slow longer.
You die...

#...#
#.$.#
#...#
#...# .
#...# ..
#...# ..
#...#.###
#<.......
#@.##....
#(.# .
#..#
##..####
#......+
##)#####
#.# #.#
#.#


There were no monsters in sight!

Vanquished Creatures
  Crazy Yiuf (D:3)
  4 gnolls
  4 adders
  A worm (D:2)
  2 dart slugs
  2 leopard geckos
  4 orcs
  A bat (D:3)
  6 giant cockroaches
  8 goblins
  2 hobgoblins (D:2)
  2 jackals (D:2)
  4 kobolds
  A quokka (D:2)
  A ball python (D:1)
  7 frilled lizards
  5 rats
55 creatures vanquished.

Notes
Turn   | Place    | Note
-------+----------+-------------------------------------------
     0 | Abyss:1  | robertstho the Demonspawn Abyssal Knight began the quest
                  | for the Orb.
     0 | Abyss:1  | Reached XP level 1. HP: 18/18 MP: 2/2
    41 | D:1      | Escaped the Abyss
   204 | D:1      | Reached * piety under Lugonu
   244 | D:1      | Gained mutation: You have a somewhat thin skeletal
                  | structure. (Dex +2, Stealth) [demonic ancestry]
   244 | D:1      | Reached XP level 2. HP: 13/24 MP: 3/3
  1090 | D:2      | Reached skill level 1 in Dodging
  1090 | D:2      | Gained mutation: You have sharp toenails. [demonic
                  | ancestry]
  1090 | D:2      | Reached XP level 3. HP: 21/30 MP: 5/5
  1766 | D:3      | Found a sacrificial altar of Ru.
  1766 | D:3      | Found a bloodstained altar of Trog.
  1776 | D:3      | Found a shimmering blue altar of Sif Muna.
  1777 | D:3      | Found a shimmering altar of Xom.
  1778 | D:3      | Found a glowing golden altar of the Shining One.
  1865 | D:3      | Gained mutation: When hurt, damage is shared between your
                  | health and your magic reserves. [demonic ancestry]
  1865 | D:3      | Reached XP level 4. HP: 30/37 MP: 6/6
  2036 | D:3      | Reached skill level 4 in Fighting
  2044 | D:3      | Reached ** piety under Lugonu
  2503 | D:3      | Found a faded altar of an unknown god.
  2636 | D:3      | Reached skill level 1 in Short Blades
  3168 | D:3      | Reached XP level 5. HP: 38/42 MP: 7/7
  3342 | D:3      | Found a runed translucent door.
  3343 | D:3      | Noticed Crazy Yiuf
  3540 | D:3      | Killed Crazy Yiuf
  3605 | D:4      | HP: 2/63 [poisoned by orc (curare-tipped dart)]
  3607 | D:4      | Succumbed to orc's curare-tipped dart

Illustrated notes

Levels and vault maps discovered:
D:1:      minmay_arrival_shoal_huts, layout_loops_ring, serial_bayou_lagoon_a
D:2:      layout_basic
D:3:      layout_loops_ring, minitemple, chequers_ecumenical_altar_simple,
          uniq_crazy_yiuf_cottage
D:4:      wad_woods_settlement, layout_basic, nicolae_qazlal_general_emergency,
          enter_ossuary_5, serial_bayou_ford_a

Skill      XL: |  1  2  3  4 |
---------------+-------------+-----
Long Blades    | 2 |  2.6
Dodging        | 1 |  1.3
Invocations    | 3 |  3.5
Armour         | 2 |  2.2
Fighting       | 4 |  4.2
Short Blades   | 1 |  1.4
Stealth        | |  0.4

Action                   |  1- 3 |  4- 6 || total
-------------------------+-------+-------++-------
Melee: Falchion          |    85 |       ||    85
       Kick              |     8 |    13 ||    21
       Rapier            |     2 |    60 ||    62
Invok: Depart the Abyss  |     1 |       ||     1
  Use: Scroll            |     3 |       ||     3
       Potion            |       |     2 ||     2
 Stab: Sleeping          |     2 |       ||     2
       Invisible         |       |     1 ||     1
Armor: Leather armour    |    29 |     8 ||    37
       Scale mail        |       |     8 ||     8
Dodge: Dodged            |    64 |    34 ||    98
       Rpst.: Falchion   |    17 |       ||    17

Table legend: (Time is in decaauts)
 A = Elapsed time spent in this place.
 B = Non-inter-level travel time spent in this place.
 C = Inter-level travel time spent in this place.
 D = Time resting spent in this place.
 E = Time spent auto-exploring this place.
 F = Levels seen in this place.
 G = Mean time per level.
                   A        B        C        D        E       F      G
               +--------+--------+--------+--------+--------+-----+--------+
         Total |   3624 |   3387 |    237 |    336 |   2522 |   5 |  724.8 |
       Dungeon |   3583 |   3346 |    237 |    336 |   2483 |   4 |  895.8 |
         Abyss |     41 |     41 |      0 |      0 |     39 |   1 |   41.0 |
               +--------+--------+--------+--------+--------+-----+--------+

Top non-repeatable levels by time:
     D:2: 1360 daAuts
     D:3: 1353 daAuts
     D:1: 849 daAuts
 Abyss:1: 41 daAuts
     D:4: 19 daAuts
